 Dungeon Crawl Stone Soup version 0.20.0-10-g0535bb4 (webtiles) character file.

111272 Raukatau the Executioner (level 16, -16/144 HPs)
             Began as a Minotaur Berserker on June 5, 2017.
             Was a High Priest of Trog.
             Killed from afar by a deep elf mage (30 damage)
             ... with a bolt of lightning
             ... on level 1 of the Elven Halls.
             The game lasted 02:53:04 (25719 turns).

Raukatau the Executioner (Minotaur Berserker)      Turns: 25719, Time: 02:53:04

Health: -16/144    AC: 17    Str: 27    XL:     16   Next: 9%
Magic:  5/5        EV: 16    Int:  6    God:    Trog [*****.]
Gold:   2344       SH:  0    Dex: 14    Spells: 15/15 levels left

rFire    . . .     SeeInvis .   a - +6 battleaxe (antimagic)
rCold    + . .     Gourm    .   (shield currently unavailable)
rNeg     . . .     Faith    .   V - +6 leather armour of Elyvilon's Favour {rC+ MR+}
rPois    .         Spirit   .   O - +2 hat
rElec    .         Reflect  .   W - +1 cloak
rCorr    .         Harm     .   j - +0 pair of gloves
MR       +++++                  U - +0 pair of boots
Stlth    +.........             (no amulet)
Regen    1.4/turn               N - +4 ring of strength
MPRegen  0.1/turn               A - ring of protection from magic

@: lethally poisoned (-16 -> -23), regenerating, drained
A: retaliatory headbutt, horns 2
a: Berserk, Trog's Hand, Brothers in Arms, Burn Spellbooks, Renounce Religion


You were on level 1 of the Elven Halls.
You worshipped Trog.
Trog was extremely pleased with you.
You were hungry.

You visited 4 branches of the dungeon, and saw 24 of its levels.
You also visited: Ossuary.

You collected 2344 gold pieces.

Inventory:

Hand Weapons
 a - a +6 antimagic battleaxe (weapon)
 b - the +11 hunting sling of Resourcefulness {velocity, rPois rC+ MR+ Str+3}
   (You found it on level 6 of the Dungeon)

   Any stone fired from it inflicts extra damage.
   It affects your strength (+3).
   It protects you from cold.
   It protects you from poison.
   It affects your resistance to hostile enchantments.
 H - a +6 executioner's axe of flaming
Missiles
 o - 149 sling bullets
 x - 3 throwing nets (quivered)
Armour
 j - a +0 pair of gloves (worn)
 O - a +2 hat (worn)
 U - a +0 pair of boots (worn)
 V - the +6 leather armour of Elyvilon's Favour (worn) {rC+ MR+}
   (You found it on level 15 of the Dungeon)

   It protects you from cold.
   It affects your resistance to hostile enchantments.
 W - a +1 cloak (worn)
Jewellery
 A - a ring of protection from magic (right hand)
 C - a +4 ring of intelligence {unknown}
 N - a +4 ring of strength (left hand)
Wands
 k - a wand of confusion (14/48)
 u - a wand of acid (9/15)
 v - a wand of disintegration (24/24)
 w - a wand of clouds (6/9)
 y - a wand of confusion (39/48)
 F - a wand of lightning (6/15)
 T - a wand of iceblast (9/15)
 X - a wand of flame (22/48)
 Z - a wand of acid (5/15)
Scrolls
 d - 8 scrolls of teleportation
 f - a scroll of fear
 g - a scroll of acquirement {unknown}
 h - a scroll of summoning
 l - 3 scrolls of identify
 m - 12 scrolls of remove curse
 r - 4 scrolls of magic mapping
 s - 3 scrolls of enchant weapon
 E - 3 scrolls of fog
 G - 3 scrolls of immolation
 J - 2 scrolls of recharging
 L - a scroll of torment {unknown}
 M - 2 scrolls of blinking
 R - 5 scrolls of enchant armour
Potions
 e - 2 potions of flight {unknown}
 i - 14 potions of curing
 n - 2 potions of mutation
 q - 3 potions of resistance
 t - a potion of heal wounds
 z - 2 potions of might
 D - 5 potions of agility
 I - 7 potions of invisibility
 K - 3 potions of lignification
 P - 4 potions of brilliance
 Q - 2 potions of cancellation
 S - 2 potions of haste
Comestibles
 c - 13 bread rations
 p - 11 meat rations
 B - 4 chunks of flesh
 Y - 26 fruits


   Skills:
 + Level 13.2(12.6) Fighting
 * Level 23.1(22.3) Axes
 - Level 12.1(11.5) Slings
 - Level 11.3(10.7) Armour
 + Level 8.4(7.9) Dodging
   Level 5.1(4.6) Shields


You had 15 spell levels left.
You didn't know any spells.

Dungeon Overview and Level Annotations

Branches:
Dungeon (15/15)            Temple (0/1) D:5            Lair (6/6) D:9
 Shoals (0/4) Lair:3        Snake (0/4) Lair:4        Slime (0/5) Lair:5
    Orc (2/2) D:11            Elf (1/3) Orc:2        Vaults (0/5) D:13
 Depths (0/5) D:15

Altars:
Ashenzari
Cheibriados
Gozag
Hepliaklqana
Kikubaaqudgha
Nemelex Xobeh
Qazlal
Ru
Sif Muna
Trog
Uskayaw
Xom
Yredelemnul
Zin
Beogh

Shops:
D:7 *   D:15 :   Orc:2 }(:(

Annotations:
D:4 Menkaure


Innate Abilities, Weirdness & Mutations

You reflexively headbutt those who attack you in melee.
You have a pair of horns on your head.


Message History

The deep elf mage mumbles some strange words.
The deep elf mage blinks!
The deep elf mage mumbles some strange words.
The deep elf mage blinks!
You feel much better. The fire elemental hits you.
The fire elemental burns you!
* * * LOW HITPOINT WARNING * * *
The glaive of venom hits you from afar!!
* * * LOW HITPOINT WARNING * * *
You are more poisoned.
The deep elf mage casts a spell.
The deep elf mage blinks!
The deep elf mage gestures wildly while chanting.
The deep elf mage blinks!
The deep elf mage mumbles some strange words.
The deep elf mage blinks!
The deep elf mage gestures at you while chanting.
The bolt of lightning hits the fire elemental.
The fire elemental resists.
The bolt of lightning hits you!
You die...

##.###.###.##
##...?.......##
....8.....8....
...e......e..^.
8....§.§......8
....§.....T....
......8E8)..Y..
....O..@e(..Y..
....8.....8..§.
..§e...........
##....§e.....##
#############


You could see 5 deep elf magi, a fire elemental, 2 ice beasts, a glaive of
venom, a friendly deep troll (berserk) and a friendly ogre (berserk).

Vanquished Creatures
  6 dire elephants (Lair:6)
  The ghost of raetorn the Brawler, a journeyman TrBe of Trog (D:12)
  Snorg (D:11)
  An ettin (Orc:2)
  A yaktaur captain (D:15)
  Erolcha (D:11)
  An anaconda (Lair:6)
  3 catoblepae
  Erica (Lair:1)
  9 hydras
  2 centaur warriors (D:15)
  A queen ant (Lair:2)
  9 two-headed ogres
  A tengu warrior (D:13)
  13 death yaks (Lair:6)
  4 orc high priests
  8 skeletal warriors
  A deep troll (D:15)
  A wizard (D:13)
  The ghost of Narsil the Martial Artist, a novice OpTm of Cheibriados (D:8)
  Pikel (D:6)
  2 cyclopes (D:15)
  3 ugly things
  A deep elf mage (D:14)
  5 oklob plants
  5 orc sorcerers
  A manticore (D:14)
  9 elephants
  5 black mambas
  A spiny frog (shapeshifter) (D:14)
  10 spiny frogs
  2 rime drakes
  2 yaktaurs (D:15)
  5 kobold demonologists
  4 komodo dragons
  An efreet (D:14)
  3 meliai (D:15)
  2 polar bears (Lair:6)
  A tengu conjurer (D:15)
  7 trolls
  The ghost of Raukatau the Cleaver, an amateur MiBe of Trog (D:4)
  10 slime creatures
  Prince Ribbit (D:8)
  A meliai (shapeshifter) (D:15)
  A snapping turtle (Lair:3)
  6 dream sheep
  19 hippogriffs
  27 blink frogs
  3 wraiths
  47 yaks
  6 wyverns
  4 basilisks
  4 hungry ghosts
  Grum (D:9)
  10 soldier ants (Lair:2)
  6 wargs
  2 nagas (Lair:4)
  A harpy simulacrum (D:14)
  12 water moccasins
  13 porcupines
  Duvessa (D:6)
  28 orc warriors
  A black bear (shapeshifter) (D:15)
  An ice beast (D:15)
  3 sky beasts
  4 black bears
  3 phantoms
  14 ogres
  18 wolves
  4 boggarts (Lair:5)
  3 centaurs
  17 crocodiles
  7 big kobolds
  Blork the orc (D:4)
  A gnoll sergeant (D:6)
  14 bullfrogs
  A water moccasin zombie (D:8)
  A wyvern zombie (D:10)
  Dowan (D:6)
  12 killer bees
  A scorpion (D:9)
  A wyvern skeleton (D:14)
  5 wights (D:12)
  2 vampire bats (Lair:1)
  An electric eel (Lair:1)
  4 bullfrog zombies
  7 crimson imps
  A quasit (D:10)
  6 centaur zombies
  A gnoll shaman (D:9)
  8 hounds
  A jelly (D:5)
  3 bullfrog skeletons
  29 orc priests
  30 orc wizards
  3 centaur skeletons
  2 hell rats (Lair:4)
  4 iguanas
  28 worker ants
  2 killer bee zombies
  2 hound zombies
  A hound skeleton (D:9)
  20 mummies
  2 howler monkey zombies (Ossuary)
  5 worker ant zombies
  16 adders
  17 gnolls
  6 river rats (Lair:4)
  A shadow imp (D:14)
  An ooze (D:3)
  3 adder zombies
  2 worms (D:2)
  A dart slug (D:2)
  5 leopard geckos
  106 orcs
  6 giant cockroaches
  26 goblins
  28 hobgoblins
  2 jackals (D:1)
  4 quokkas
  4 ball pythons
  10 bats
  8 frilled lizards
  A giant cockroach zombie (Ossuary)
  A goblin zombie (D:7)
  A hobgoblin zombie (D:7)
  2 jackal skeletons
  2 jackal zombies
  16 kobolds
  A leopard gecko zombie (Ossuary)
  A quokka skeleton (D:10)
  3 quokka zombies
  5 rats
  3 fungi
  17 plants
914 creatures vanquished.

Vanquished Creatures (collateral kills)
  A hydra (Lair:2)
  A centaur warrior (D:15)
  2 death yaks (Lair:6)
  A dancing weapon (Elf:1)
  An orc high priest (D:12)
  2 orc knights (Orc:2)
  An orc sorcerer (Orc:2)
  2 elephants (Lair:6)
  A black mamba (Lair:2)
  A gargoyle (D:15)
  A komodo dragon (Lair:6)
  A polar bear (Lair:6)
  3 dream sheep (Lair:5)
  A water moccasin (Lair:2)
  6 soldier ants (Lair:2)
  6 orc warriors
  3 wolves
  3 centaurs (D:15)
  An orc priest (Orc:2)
  3 orc wizards
  11 worker ants
  8 orcs
  A kobold (D:15)
61 creatures vanquished.

Vanquished Creatures (others)
  A hound (D:6)
  18 fungi
  11 plants
  5 toadstools (D:1)
  A withered plant (Ossuary)
36 creatures vanquished.

Grand Total: 1011 creatures vanquished

Notes
Turn   | Place    | Note
-------+----------+-------------------------------------------
     0 | D:1      | Raukatau the Minotaur Berserker began the quest for the Orb.
     0 | D:1      | Reached XP level 1. HP: 19/19 MP: 0/0
   126 | D:1      | Reached skill level 4 in Axes
   353 | D:1      | Reached XP level 2. HP: 26/26 MP: 1/1
   797 | D:1      | Reached skill level 5 in Axes
  1187 | D:2      | Reached XP level 3. HP: 28/31 MP: 2/2
  1211 | D:2      | Reached ** piety under Trog
  2114 | D:2      | Reached XP level 4. HP: 26/39 MP: 3/3
  2316 | D:2      | Reached skill level 6 in Axes
  2864 | D:3      | Found an opulent altar of Gozag.
  2867 | D:3      | Found an ancient bone altar of Kikubaaqudgha.
  2903 | D:3      | Found a faded altar of an unknown god.
  3275 | D:3      | Reached XP level 5. HP: 45/45 MP: 4/4
  3278 | D:3      | Reached *** piety under Trog
  3317 | D:3      | Reached skill level 7 in Axes
  3385 | D:3      | Reached skill level 8 in Axes
  3393 | D:3      | Reached XP level 6. HP: 37/51 MP: 5/5
  3664 | D:3      | Found a sacrificial altar of Ru.
  4360 | D:4      | Reached skill level 9 in Axes
  4866 | D:4      | Noticed Raukatau's ghost (amateur MiBe)
  4875 | D:4      | Killed Raukatau's ghost
  4875 | D:4      | Reached **** piety under Trog
  4875 | D:4      | Reached skill level 10 in Axes
  4875 | D:4      | Reached XP level 7. HP: 57/57 MP: 6/6
  4912 | D:4      | Noticed Blork the orc
  4924 | D:4      | Noticed Menkaure
  5074 | D:4      | Killed Blork the orc
  5237 | D:4      | Found a hide-covered altar of Uskayaw.
  5411 | D:5      | Entered Level 5 of the Dungeon
  5596 | D:5      | Reached skill level 11 in Axes
  5645 | D:5      | Found a hazy altar of Hepliaklqana.
  5837 | D:5      | Reached XP level 8. HP: 64/64 MP: 7/7
  6245 | D:5      | Found a staircase to the Ecumenical Temple.
  6499 | D:6      | Reached skill level 12 in Axes
  6521 | D:6      | Found a snail-covered altar of Cheibriados.
  6574 | D:6      | Got a crude hunting sling
  6575 | D:6      | Identified the +11 hunting sling of Resourcefulness {velocity, rPois rC+ MR+ Str+3} (You found it on level 6 of the Dungeon)
  6579 | D:6      | Noticed Duvessa
  6579 | D:6      | Noticed Dowan
  6587 | D:6      | Killed Duvessa
  6589 | D:6      | Killed Dowan
  6796 | D:6      | Reached skill level 1 in Slings
  6973 | D:6      | Reached skill level 13 in Axes
  6985 | D:6      | Reached XP level 9. HP: 61/70 MP: 8/8
  7348 | D:6      | Noticed Pikel
  7362 | D:6      | Killed Pikel
  7362 | D:6      | Reached skill level 5 in Slings
  7483 | D:7      | Reached skill level 14 in Axes
  7853 | D:7      | Found Genoge's General Store.
  7886 | D:7      | Found a sand-covered staircase.
  7894 | Ossuary  | Entered an ossuary
  7921 | Ossuary  | Received a gift from Trog
  8191 | Ossuary  | Reached ***** piety under Trog
  8352 | D:7      | Reached XP level 10. HP: 78/78 MP: 9/9
  8761 | D:7      | Received a gift from Trog
  9063 | D:8      | Found a shimmering altar of Xom.
  9066 | D:8      | Noticed Prince Ribbit
  9198 | D:8      | Found a sparkling altar of Nemelex Xobeh.
  9220 | D:8      | Found a basalt altar of Yredelemnul.
  9275 | D:8      | Killed Prince Ribbit
  9275 | D:8      | Reached skill level 5 in Fighting
  9303 | D:8      | Noticed Narsil's ghost (novice OpTm)
  9311 | D:8      | Killed Narsil's ghost
  9311 | D:8      | Reached skill level 5 in Armour
  9400 | D:8      | Noticed a three-headed hydra
  9405 | D:8      | Killed a three-headed hydra
  9531 | D:8      | Found a deep blue altar of Sif Muna.
  9556 | D:8      | Found a glowing silver altar of Zin.
  9560 | D:8      | Found a bloodstained altar of Trog.
  9565 | D:8      | Found a shimmering altar of Xom.
  9819 | D:8      | Found a stormy altar of Qazlal.
  9904 | D:9      | Noticed Grum
  9907 | D:9      | Reached XP level 11. HP: 92/92 MP: 10/10
  9913 | D:9      | Killed Grum
  9924 | D:9      | Received a gift from Trog
  9930 | D:9      | Found a roughly hewn altar of Beogh.
 10077 | D:9      | Reached skill level 10 in Slings
 10107 | D:9      | Found a staircase to the Lair.
 10198 | D:9      | Reached skill level 15 in Axes
 10349 | D:9      | Found a bloodstained altar of Trog.
 10498 | D:10     | Entered Level 10 of the Dungeon
 10511 | D:10     | Noticed a two-headed ogre
 10516 | D:10     | Killed a two-headed ogre
 10591 | D:10     | Noticed a two-headed ogre
 10595 | D:10     | Killed a two-headed ogre
 11147 | D:11     | Found a staircase to the Orcish Mines.
 11167 | D:11     | Got a twisted hunting sling
 11168 | D:11     | Identified the +7 hunting sling of Embarrassment {flame, Str+3} (You found it on level 11 of the Dungeon)
 11210 | D:11     | Noticed Snorg
 11217 | D:11     | Killed Snorg
 11278 | D:11     | Noticed a two-headed ogre
 11288 | D:11     | Killed a two-headed ogre
 11359 | D:11     | Noticed a skeletal warrior
 11372 | D:11     | Killed a skeletal warrior
 11380 | D:11     | Noticed a white ugly thing
 11382 | D:11     | Killed a white ugly thing
 11382 | D:11     | Received a gift from Trog
 11386 | D:11     | Noticed a skeletal warrior
 11388 | D:11     | Noticed a skeletal warrior
 11388 | D:11     | Noticed a skeletal warrior
 11410 | D:11     | Killed a skeletal warrior
 11509 | D:11     | Noticed Erolcha
 11513 | D:11     | Killed Erolcha
 11513 | D:11     | Reached skill level 16 in Axes
 11513 | D:11     | Reached XP level 12. HP: 101/101 MP: 11/11
 11859 | D:11     | Noticed a five-headed hydra
 11863 | D:11     | Killed a five-headed hydra
 12014 | D:11     | Found a shattered altar of Ashenzari.
 12316 | Orc:1    | Entered Level 1 of the Orcish Mines
 12319 | Orc:1    | Noticed an orc high priest
 12324 | Orc:1    | Killed an orc high priest
 12324 | Orc:1    | Reached skill level 17 in Axes
 12455 | Orc:2    | Entered Level 2 of the Orcish Mines
 12533 | Orc:2    | Found a staircase to the Elven Halls.
 12704 | Orc:2    | Received a gift from Trog
 12728 | Orc:2    | Received a gift from Trog
 12761 | Orc:2    | Noticed an orc high priest
 12781 | Orc:2    | Killed an orc high priest
 12788 | Orc:2    | Found Wuridghehupt's Book Shop.
 12788 | Orc:2    | Found Raekoll's Antique Weapon Shop.
 12788 | Orc:2    | Found Uxorir's Weapon Boutique.
 12814 | Orc:2    | Received a gift from Trog
 12825 | Orc:2    | Reached skill level 18 in Axes
 12838 | Orc:2    | Found Hejexkimeh's Gadget Boutique.
 13450 | Orc:1    | Found a roughly hewn altar of Beogh.
 13716 | Orc:1    | Noticed an orc high priest
 13734 | Orc:1    | Reached XP level 13. HP: 111/111 MP: 12/12
 14031 | Orc:1    | Received a gift from Trog
 14090 | Orc:1    | Found a roughly hewn altar of Beogh.
 14272 | Orc:2    | Noticed an ettin
 14277 | Orc:2    | Killed an ettin
 14485 | Lair:1   | Entered Level 1 of the Lair of Beasts
 14532 | Lair:1   | Noticed Erica
 14541 | Lair:1   | Killed Erica
 14745 | Lair:1   | Reached skill level 10 in Armour
 14757 | Lair:1   | Reached skill level 19 in Axes
 15656 | Lair:2   | Received a gift from Trog
 15869 | Lair:2   | Received a gift from Trog
 15876 | Lair:2   | Reached ****** piety under Trog
 15891 | Lair:2   | Received a gift from Trog
 16158 | Lair:2   | Reached skill level 20 in Axes
 17189 | Lair:3   | Reached XP level 14. HP: 118/118 MP: 4/13
 17921 | Lair:3   | Found a staircase to the Shoals.
 18362 | Lair:4   | Received a gift from Trog
 18533 | Lair:4   | Reached skill level 10 in Fighting
 18579 | Lair:4   | Found a staircase to the Snake Pit.
 18835 | Lair:4   | Received a gift from Trog
 19060 | Lair:4   | Reached skill level 5 in Dodging
 19462 | Lair:5   | Received a gift from Trog
 19593 | Lair:5   | Reached skill level 21 in Axes
 19609 | Lair:5   | Found a staircase to the Slime Pits.
 20548 | Lair:6   | Entered Level 6 of the Lair of Beasts
 20813 | Lair:6   | Reached XP level 15. HP: 130/130 MP: 4/14
 21518 | Lair:6   | Received a gift from Trog
 21518 | Lair:6   | Reached skill level 22 in Axes
 21935 | Lair:6   | Got a twisted shield
 21943 | Lair:6   | Identified the +3 shield of the Eleven Friends {Slay+5 Stlth-} (You found it on level 6 of the Lair of Beasts)
 22153 | Lair:6   | Reached skill level 1 in Shields
 22575 | D:12     | Received a gift from Trog
 22626 | D:12     | Found a runed door.
 22785 | D:12     | Noticed raetorn's ghost (journeyman TrBe)
 22795 | D:12     | Killed raetorn's ghost
 23173 | D:12     | Received a gift from Trog
 23467 | D:12     | Found a roughly hewn altar of Beogh.
 23657 | D:13     | Found a gate to the Vaults.
 23849 | D:13     | Found a snail-covered altar of Cheibriados.
 24215 | D:14     | Reached skill level 5 in Shields
 24368 | D:14     | Received a gift from Trog
 24771 | D:15     | Entered Level 15 of the Dungeon
 24890 | D:15     | Found Pusibyej's Book Shop.
 24947 | D:15     | Received a gift from Trog
 25040 | D:15     | Got a faintly humming leather armour
 25051 | D:15     | Identified the +6 leather armour of Elyvilon's Favour {rC+ MR+} (You found it on level 15 of the Dungeon)
 25115 | D:15     | Reached skill level 23 in Axes
 25127 | D:15     | Received a gift from Trog
 25127 | D:15     | Reached XP level 16. HP: 104/143 MP: 15/15
 25356 | D:15     | Found a stormy altar of Qazlal.
 25379 | D:15     | Found a staircase to the Depths.
 25713 | Elf:1    | Entered Level 1 of the Elven Halls
 25719 | Elf:1    | Killed from afar by a deep elf mage

Skill      XL: |  1  2  3  4  5  6  7  8  9 10 11 12 13 14 15 |
---------------+----------------------------------------------+-----
Axes           | 4 5 6 8 10 11 13 14 16 18 20 21 23 | 23.1
Slings         | 3 7 9 12 | 12.1
Fighting       | 7 9 11 13 | 13.2
Armour         | 6 9 11 | 11.3
Dodging        | 6 8 |  8.4
Shields        | 5 |  5.1

Action                   |  1- 3 |  4- 6 |  7- 9 | 10-12 | 13-15 | 16-18 || total
-------------------------+-------+-------+-------+-------+-------+-------++-------
Melee: Hand axe          |    74 |   176 |   131 |    14 |       |       ||   395
       Headbutt          |    17 |    29 |    24 |    16 |   104 |       ||   190
       Battleaxe         |       |       |       |    19 |   380 |     1 ||   400
       Broad axe         |       |       |       |    74 |    21 |       ||    95
       Executioner's axe |       |       |       |       |     5 |       ||     5
 Fire: Hunting sling     |       |       |   177 |   551 |   985 |    29 ||  1742
Throw: Stone             |     2 |       |       |       |       |       ||     2
Invok: Berserk           |     7 |     9 |    10 |     9 |    16 |       ||    51
       Trog's Hand       |       |       |     2 |     5 |     3 |     1 ||    11
       Burn Spellbooks   |       |       |     1 |     3 |     6 |       ||    10
       Brothers in Arms  |       |       |       |     2 |     9 |     3 ||    14
Evoke: Wand              |       |       |       |       |     2 |       ||     2
  Use: Scroll            |       |    13 |     5 |     8 |    10 |     1 ||    37
       Potion            |       |       |       |       |     1 |     1 ||     2
 Stab: Distracted        |       |       |       |       |     3 |       ||     3
  Eat: Chunk             |    10 |    14 |    19 |    26 |    43 |       ||   112
       Royal jelly       |       |     1 |     1 |       |     6 |     1 ||     9
       Fruit             |       |       |       |       |     1 |       ||     1
Armor: Animal skin       |     9 |     4 |       |       |       |       ||    13
       Scale mail        |       |    41 |    13 |    32 |   181 |       ||   267
       Chain mail        |       |       |    70 |     3 |       |       ||    73
       Troll leather arm |       |       |       |    21 |       |       ||    21
       Leather armour    |       |       |       |       |       |     4 ||     4
Dodge: Dodged            |    43 |    57 |    59 |    91 |   230 |     7 ||   487
Block: Buckler           |       |       |       |       |     3 |       ||     3
